 Dungeon Sprint DCSS version 0.21-a0-49-g7bf2ba4 (webtiles) character file.

25701 Kidiri the Brawler (level 12, -2/136 HPs)
             Began as a Troll Monk on June 10, 2017.
             Was an Elder of Wu Jian.
             Incinerated by a deep elf mage (7 damage)
             ... with a sticky flame
             ... in the Dungeon (Sprint III: "The Ten Rune Challenge").
             The game lasted 00:31:41 (3362 turns).

Kidiri the Brawler (Troll Monk)                     Turns: 3362, Time: 00:31:41

Health: -2/136     AC:  8    Str: 22    XL:     12   Next: 91%
Magic:  16/16      EV: 16    Int:  6    God:    Wu Jian [****..]
Gold:   1419       SH:  8    Dex: 18    Spells: 11/11 levels left

rFire    . . .     SeeInvis .     - Unarmed
rCold    . . .     Gourm    +   u - +0 shield {reflect}
rNeg     . . .     Faith    .   a - +1 robe
rPois    +         Spirit   .   (helmet restricted)
rElec    +         Reflect  +   w - +0 cloak
rCorr    .         Harm     .   (gloves unavailable)
MR       .....     NoTele   +   (boots unavailable)
Stlth    ++........             (no amulet)
Regen    0.8/turn               t - +2 ring of dexterity
MPRegen  0.2/turn               v - ring of flight

@: liquid flames, flying, very slightly contaminated, glowing, drained
A: unfitting armour, claws 3, fast metabolism 3, gourmand, poison resistance,
regeneration 1, shaggy fur 1, electricity resistance, tough skin 2
a: Serpent's Lash, Renounce Religion, Stop Flying


You were in the Dungeon.
You worshipped Wu Jian.
Wu Jian was greatly pleased with you.
You were full.

You visited 1 branch You collected 2180 gold pieces.
You spent 761 gold pieces at shops.

Inventory:

Hand Weapons
 i - a +0 shortbow of flaming
Missiles
 q - 100 arrows
Armour
 a - a +1 robe (worn)
 u - a +0 shield of reflection (worn)
 w - a +0 cloak (worn)
Jewellery
 n - a +2 ring of dexterity
 r - the ring of the Twelve Mice {Wiz rC+}
   (You took it off a deep elf demonologist in the Dungeon)

   [ring of wizardry]

   It improves your spell success rate.
   It protects you from cold.
 t - a +2 ring of dexterity (left claw)
 v - a ring of flight (right claw)
Scrolls
 d - a scroll of remove curse
 h - a scroll of blinking
 k - a scroll of immolation
 m - a scroll of holy word {unknown}
 s - 3 scrolls of amnesia
Potions
 c - a potion of heal wounds
 e - 2 potions of haste
 f - 2 potions of magic
 g - a potion of berserk rage
 o - a potion of flight
Miscellaneous
 p - a lightning rod (4/4)
Comestibles
 b - 2 bread rations
 j - 29 royal jellies


   Skills:
 * Level 13.1(12.5) Fighting
 + Level 5.3(4.8) Bows
 + Level 9.4(8.8) Armour
 * Level 13.0(12.4) Dodging
 * Level 10.3(9.7) Stealth
 + Level 0.7(0.2) Shields
 * Level 15.2(14.5) Unarmed Combat
 + Level 7.0(6.5) Evocations


You had 11 spell levels left.
You didn't know any spells.

Dungeon Overview and Level Annotations

Branches:
Dungeon (1/1)

Altars:
Cheibriados
Dithmenos
Elyvilon
Fedhas
Gozag
Hepliaklqana
Kikubaaqudgha
Makhleb
Nemelex Xobeh
Okawaru
Qazlal
Ru
Sif Muna
Trog
Uskayaw
Vehumet
Wu Jian
Xom
Yredelemnul
Zin
The Shining One
Beogh
Jiyva
Lugonu

Shops:
D %:!(?*[:!=[(}%[

Annotations:
D exclusion: 6 doors


Innate Abilities, Weirdness & Mutations

You are too large for most types of armour.
You have claws for hands.
Your metabolism is lightning-fast.
You like to eat raw meat.
Your natural rate of healing is unusually fast.
You are covered in fur. (AC +1)
You have very tough skin. (AC +2)
Your system is resistant to poisons. (rPois)
You are resistant to electric shocks. (rElec)


Message History

Unknown command.
You attack the balrug from above.
You scratch the balrug.
You kill the balrug!
The sun demon is distracted by your jump.
The deep elf master archer shoots an arrow.
The arrow hits you!!
* * * LOW HITPOINT WARNING * * *
The deep elf master archer shoots an arrow.
You reflect the arrow off your +0 shield of reflection!
The arrow hits the deep elf master archer!
You see here an arrow.
Unknown command.
The deep elf mage gestures at you while chanting.
The sticky flame hits you!
You are covered in liquid flames!
* * * LOW HITPOINT WARNING * * *
Unknown command.
Unknown command.
You are covered in liquid flames!
You die...

▓▓▓ ######
#.###################
#[#∩.###..)')#...##.eE§'....
#.........)#.#...##≈§§§##..#
#.........##.#.§(§§34ee.....
#.........##)#..§##≈≈≈≈##..#
#.#..###.###.'..@##.e..ee4..
#.#####...##################
#'###########################
#..§≈§'§#.'...'.#.#.#.'%..≈≈#
#.#§§≈#.#.#.).##.#.#.##%%.≈≈###
'.#§§§#§#.#.).#.#.#.#.#...≈≈≈≈#
#.#.§§#§§.#...##.#.#.##...≈≈≈≈#
▓▓▓▓▓▓▓▓▓▓▓▓▓▓#(#.#.#.#.......#
........≈≈≈...##)#.#.##.......#


There were no monsters in sight!

Vanquished Creatures
  Rupert (D)
  Harold (D)
  A deep elf demonologist (D)
  Snorg (D)
  A centaur warrior (D)
  4 death yaks (D)
  5 orc high priests (D)
  Urug (D)
  3 deep elf knights (D)
  An unseen horror (D)
  A lindwurm (D)
  2 orc knights (D)
  Joseph (D)
  An obsidian statue (D)
  3 deep elf magi (D)
  3 crystal guardians (D)
  An orc sorcerer (D)
  2 spiny frogs (D)
  2 black mambas (D)
  A komodo dragon (D)
  A rime drake (D)
  2 tyrant leeches (D)
  A queen bee (D)
  3 wandering mushrooms (D)
  8 blink frogs (D)
  A shadow (D)
  3 redbacks (D)
  A spatial vortex (D)
  A swamp drake (D)
  A hell hound (D)
  4 orc warriors (D)
  A necrophage (D)
  2 centaurs (D)
  An earth elemental (D)
  A water elemental (D)
  32 killer bees (D)
  A wizard (D)
  A jelly (D)
  3 orc wizards (D)
  A necromancer (D)
  3 humans (D)
  A kobold demonologist (D)
  An ooze (D)
  A phantom (D)
  7 orcs (D)
  3 rats (D)
121 creatures vanquished.

Vanquished Creatures (others)
  2 draconian scorchers (D)
  A fire dragon (D)
  2 hydras (D)
  6 hellions (D)
  2 yaktaurs (D)
  An electric eel (D)
  4 ball lightnings (D)
  4 ballistomycetes (D)
  4 ballistomycete spores (D)
  12 plants (D)
38 creatures vanquished.

Grand Total: 159 creatures vanquished

Notes
Turn   | Place    | Note
-------+----------+-------------------------------------------
     0 | D        | Kidiri the Troll Monk began the quest for the Orb.
     0 | D        | Reached XP level 1. HP: 22/22 MP: 0/0
    47 | D        | Reached skill level 1 in Armour
    47 | D        | Reached XP level 2. HP: 22/31 MP: 1/1
    61 | D        | Killed a yaktaur
    83 | D        | Reached skill level 4 in Unarmed Combat
    83 | D        | Reached XP level 3. HP: 29/37 MP: 2/2
    99 | D        | Killed a hellion
   100 | D        | Killed a hellion
   101 | D        | Gained mutation: Your movements are slightly less encumbered by armour. (ER -2) [potion of mutation]
   101 | D        | Gained mutation: You tend to lose your temper in combat. [potion of mutation]
   101 | D        | Gained mutation: Your spells are a little harder to cast, but a little more powerful. [potion of mutation]
   101 | D        | Killed a hellion
   102 | D        | Lost mutation: Your spells are a little harder to cast, but a little more powerful. [potion of mutation]
   102 | D        | Lost mutation: Your movements are slightly less encumbered by armour. (ER -2) [potion of mutation]
   102 | D        | Lost mutation: You tend to lose your temper in combat. [potion of mutation]
   102 | D        | Gained mutation: You possess an exceptional clarity of mind. [potion of mutation]
   102 | D        | Gained mutation: Your spells are a little easier to cast, but a little less powerful. [potion of mutation]
   102 | D        | Gained mutation: You are partially covered in yellow scales. (AC +2) [potion of mutation]
   102 | D        | Killed a hellion
   103 | D        | Lost mutation: You are partially covered in yellow scales. (AC +2) [potion of mutation]
   103 | D        | Lost mutation: You possess an exceptional clarity of mind. [potion of mutation]
   103 | D        | Lost mutation: Your spells are a little easier to cast, but a little less powerful. [potion of mutation]
   103 | D        | Gained mutation: Your muscles are strong. (Str +2) [potion of mutation]
   103 | D        | Gained mutation: Scrolls take you a little longer to read. [potion of mutation]
   103 | D        | Gained mutation: You can translocate small distances at will. [potion of mutation]
   103 | D        | Killed a hellion
   104 | D        | Lost mutation: Scrolls take you a little longer to read. [potion of mutation]
   104 | D        | Lost mutation: Your muscles are strong. (Str +2) [potion of mutation]
   104 | D        | Lost mutation: You can translocate small distances at will. [potion of mutation]
   104 | D        | Gained mutation: You are frail. (-10% HP) [potion of mutation]
   104 | D        | Gained mutation: Your muscles are strong. (Str +2) [potion of mutation]
   105 | D        | Lost mutation: You are frail. (-10% HP) [potion of mutation]
   105 | D        | Lost mutation: Your muscles are strong. (Str +2) [potion of mutation]
   105 | D        | Gained mutation: You are resistant to electric shocks. (rElec) [potion of mutation]
   105 | D        | Gained mutation: Your system is resistant to poisons. (rPois) [potion of mutation]
   133 | D        | Noticed a water elemental
   170 | D        | Killed a water elemental
   170 | D        | Reached XP level 4. HP: 11/48 MP: 3/3
   177 | D        | Killed a hellion
   267 | D        | Found an ornate altar of the Wu Jian Council.
   267 | D        | Found a roughly hewn altar of Beogh.
   267 | D        | Found an iron altar of Okawaru.
   267 | D        | Found a bloodstained altar of Trog.
   267 | D        | Found a hide-covered altar of Uskayaw.
   267 | D        | Noticed a human
   268 | D        | Noticed a human
   270 | D        | Became a worshipper of the Wu Jian Council
   270 | D        | Reached * piety under Wu Jian
   270 | D        | Reached ** piety under Wu Jian
   284 | D        | Found a shadowy altar of Dithmenos.
   285 | D        | Noticed a necrophage
   286 | D        | Found a basalt altar of Yredelemnul.
   286 | D        | Found a sacrificial altar of Ru.
   292 | D        | Found a glowing silver altar of Zin.
   298 | D        | Found a glowing golden altar of the Shining One.
   298 | D        | Killed a necrophage
   298 | D        | Reached skill level 5 in Dodging
   298 | D        | Reached skill level 5 in Unarmed Combat
   298 | D        | Reached XP level 5. HP: 21/55 MP: 4/4
   300 | D        | Killed a human
   300 | D        | Reached skill level 5 in Fighting
   300 | D        | Reached skill level 6 in Unarmed Combat
   300 | D        | Reached XP level 6. HP: 27/67 MP: 5/5
   304 | D        | Killed a human
   304 | D        | Reached skill level 7 in Unarmed Combat
   314 | D        | Killed a white draconian scorcher
   328 | D        | Killed a white draconian scorcher
   453 | D        | Found a white marble altar of Elyvilon.
   453 | D        | Noticed a deep elf mage
   459 | D        | Killed a deep elf mage
   459 | D        | Reached *** piety under Wu Jian
   459 | D        | Reached skill level 5 in Stealth
   459 | D        | Reached skill level 8 in Unarmed Combat
   459 | D        | Reached XP level 7. HP: 74/78 MP: 6/6
   492 | D        | Found a radiant altar of Vehumet.
   493 | D        | Found a deep blue altar of Sif Muna.
   493 | D        | Found an ancient bone altar of Kikubaaqudgha.
   496 | D        | Noticed a rust devil
   527 | D        | Noticed a shadow
   534 | D        | Killed a shadow
   534 | D        | Reached skill level 9 in Unarmed Combat
   534 | D        | Reached XP level 8. HP: 87/87 MP: 7/7
   536 | D        | Reached **** piety under Wu Jian
   544 | D        | Found a blossoming altar of Fedhas.
   544 | D        | Found a stormy altar of Qazlal.
   544 | D        | Found a snail-covered altar of Cheibriados.
   544 | D        | Found a burning altar of Makhleb.
   544 | D        | Found a shimmering altar of Xom.
   545 | D        | Found a hazy altar of Hepliaklqana.
   545 | D        | Found an opulent altar of Gozag.
   545 | D        | Found a sparkling altar of Nemelex Xobeh.
   545 | D        | Found a corrupted altar of Lugonu.
   545 | D        | Found a viscous altar of Jiyva.
   566 | D        | Noticed Snorg
   572 | D        | Killed Snorg
   572 | D        | Reached skill level 5 in Armour
   572 | D        | Reached skill level 10 in Unarmed Combat
   572 | D        | Reached skill level 1 in Evocations
   572 | D        | Reached XP level 9. HP: 47/97 MP: 7/9
   669 | D        | Noticed a centaur warrior
   680 | D        | Killed a centaur warrior
   808 | D        | Killed an unseen horror
   808 | D        | Reached ***** piety under Wu Jian
   808 | D        | Reached skill level 11 in Unarmed Combat
   903 | D        | Noticed a queen bee
   918 | D        | Killed a queen bee
   922 | D        | Reached XP level 10. HP: 43/107 MP: 11/11
  1110 | D        | Reached ****** piety under Wu Jian
  1120 | D        | Reached skill level 10 in Fighting
  1162 | D        | Reached skill level 10 in Dodging
  1317 | D        | Reached skill level 1 in Bows
  1349 | D        | Noticed a spiny frog
  1349 | D        | Noticed a spiny frog
  1354 | D        | Killed a spiny frog
  1354 | D        | Reached skill level 12 in Unarmed Combat
  1357 | D        | Killed a spiny frog
  1488 | D        | Noticed a lindwurm
  1499 | D        | Killed a lindwurm
  1503 | D        | Reached XP level 11. HP: 29/119 MP: 13/13
  1653 | D        | Noticed Urug
  1658 | D        | Killed Urug
  1750 | D        | Killed a fire dragon
  1871 | D        | Found Cuyrisuk's Distillery.
  1879 | D        | Noticed an orc knight
  1883 | D        | Noticed an orc knight
  1888 | D        | Killed an orc knight
  1888 | D        | Reached skill level 13 in Unarmed Combat
  1889 | D        | Killed an orc knight
  1889 | D        | Reached skill level 5 in Evocations
  1902 | D        | Noticed an orc high priest
  1908 | D        | Killed an orc high priest
  1912 | D        | Noticed an orc sorcerer
  1917 | D        | Killed an orc sorcerer
  2069 | D        | Noticed a deep elf knight
  2069 | D        | Noticed a deep elf mage
  2069 | D        | Noticed a deep elf mage
  2069 | D        | Noticed a deep elf knight
  2069 | D        | Noticed a deep elf knight
  2073 | D        | Killed a deep elf knight
  2081 | D        | Killed a deep elf knight
  2084 | D        | Killed a deep elf mage
  2086 | D        | Killed a deep elf mage
  2094 | D        | Killed a deep elf knight
  2113 | D        | Noticed a deep elf demonologist
  2115 | D        | Noticed a deep elf high priest
  2141 | D        | Noticed a deep elf demonologist
  2143 | D        | Noticed a deep elf annihilator
  2150 | D        | Noticed a deep elf mage
  2150 | D        | Noticed a sun demon
  2151 | D        | Killed a deep elf demonologist
  2151 | D        | Reached XP level 12. HP: 132/132 MP: 15/15
  2153 | D        | Got an ancient copper ring
  2154 | D        | Noticed a deep elf master archer
  2155 | D        | Identified the ring of the Twelve Mice {Wiz rC+} (You took it off a deep elf demonologist in the Dungeon)
  2219 | D        | Noticed Harold
  2219 | D        | Noticed Joseph
  2237 | D        | Killed Harold
  2237 | D        | Reached skill level 14 in Unarmed Combat
  2244 | D        | Killed Joseph
  2283 | D        | Killed a seven-headed hydra
  2439 | D        | Noticed Rupert
  2449 | D        | Killed Rupert
  2467 | D        | Noticed a death yak
  2468 | D        | Noticed a death yak
  2469 | D        | Noticed a death yak
  2471 | D        | Noticed a death yak
  2475 | D        | Killed a death yak
  2480 | D        | Killed an eight-headed hydra
  2481 | D        | Killed a death yak
  2489 | D        | Killed a death yak
  2497 | D        | Killed a death yak
  2497 | D        | Reached skill level 5 in Bows
  2497 | D        | Reached skill level 10 in Stealth
  2661 | D        | Noticed an azure jelly
  2661 | D        | Noticed an azure jelly
  2699 | D        | Found Padosch's Food Shoppe.
  2699 | D        | Found Zogugh's Book Boutique.
  2815 | D        | Reached skill level 15 in Unarmed Combat
  3127 | D        | Found Nuumioju's Distillery.
  3127 | D        | Found Ytemp's Armour Shop.
  3127 | D        | Found Owujis's Armour Boutique.
  3127 | D        | Found Ohilufeb's Antique Armour Shoppe.
  3127 | D        | Found Uqouvo's Book Boutique.
  3127 | D        | Found Zoiza's Jewellery Emporium.
  3127 | D        | Found Jodul's Assorted Antiques.
  3127 | D        | Found Ixonani's Food Shop.
  3127 | D        | Found Elekhiti's Magic Scroll Shop.
  3127 | D        | Found Wucho's Gadget Emporium.
  3127 | D        | Found Qeever's Antique Weapon Emporium.
  3127 | D        | Found Futhuroam's Antique Weapon Boutique.
  3143 | D        | Bought a scroll of identify for 22 gold pieces
  3143 | D        | Bought a scroll of remove curse for 33 gold pieces
  3145 | D        | Bought a potion of heal wounds for 145 gold pieces
  3145 | D        | Bought a blackened ruby ring for 145 gold pieces
  3146 | D        | Bought a ring of dexterity for 58 gold pieces
  3149 | D        | Bought a +0 shield of reflection for 85 gold pieces
  3158 | D        | Bought an uncursed ring of flight for 210 gold pieces
  3159 | D        | Bought a +0 cloak for 63 gold pieces
  3349 | D        | Noticed a deep elf high priest
  3351 | D        | Noticed a balrug
  3361 | D        | HP: 5/136 [something/sticky flame (9)]
  3362 | D        | Incinerated by a deep elf mage

Vault maps used:
D:        dungeon_sprint_mu

Skill      XL: |  1  2  3  4  5  6  7  8  9 10 11 12 |
---------------+-------------------------------------+-----
Fighting       | 3 4 5 7 8 9 10 12 13 | 13.1
Armour         | 1 2 3 4 5 6 7 8 9 |  9.4
Dodging        | 3 4 5 7 8 9 10 11 13 | 13.0
Unarmed Combat | 4 5 6 8 9 10 11 12 13 15 | 15.2
Stealth        | 2 3 5 6 7 8 9 10 | 10.3
Evocations     | 1 3 4 5 7 |  7.0
Bows           | 2 4 5 |  5.3
Shields        | |  0.7

Action                   |  1- 3 |  4- 6 |  7- 9 | 10-12 || total
-------------------------+-------+-------+-------+-------++-------
Melee: Unarmed           |    27 |    25 |    72 |   344 ||   468
       Punch             |     1 |     1 |     5 |    19 ||    26
 Fire: Shortbow          |       |       |       |     6 ||     6
Invok: Serpent's Lash    |       |       |     1 |    18 ||    19
       Heavenly Storm    |       |       |     1 |    10 ||    11
 Abil: Evoke Flight      |       |       |       |     1 ||     1
  Use: Potion            |     5 |       |       |     3 ||     8
       Scroll            |       |       |       |     6 ||     6
 Stab: Sleeping          |     2 |       |     4 |     6 ||    12
       Distracted        |       |       |       |     2 ||     2
  Eat: Chunk             |     3 |     1 |     7 |    23 ||    34
Armor: Robe              |     2 |     5 |     8 |    12 ||    27
Dodge: Dodged            |    12 |    13 |    32 |   152 ||   209
Block: Shield            |       |       |       |     4 ||     4
       Reflection        |       |       |       |     1 ||     1
